 Dungeon Crawl Stone Soup version 0.28.0-53-g5a82cb258f (webtiles) character file.

Game seed: 17633630071730809040

18 Gabide the Sneak (level 2, -8/24 HPs)
             Began as a Barachi Delver on June 12, 2022.
             Killed by divine providence
             ... invoked by an orc priest
              (14 damage)
             ... on level 4 of the Dungeon.
             The game lasted 00:01:32 (763 turns).

Gabide the Sneak (Barachi Delver)                    Turns: 763, Time: 00:01:33

Health: -8/24      AC:  3    Str: 13    XL:     2   Next: 70%
Magic:  2/2        EV: 12    Int: 10    God:
Gold:   28         SH:  0    Dex: 13    Spells: 1/1 levels left

rFire   . . .      SeeInvis .   a - +0 falchion
rCold   . . .      Faith    .   (no shield)
rNeg    . . .      Spirit   .   b - +0 leather armour
rPois   .          Reflect  .   (no helmet)
rElec   .          Harm     .   (no cloak)
rCorr   .          Rampage  .   (no gloves)
Will    .....                   (no boots)
Stlth   ++........              (no amulet)
HPRegen 0.08/turn               (no ring)
MPRegen 0.08/turn               (no ring)

@: unable to hop, hasted, quick
A: amphibious, slowness 1, strong legs 1, +LOS
a: Hop


You were on level 4 of the Dungeon.
You visited 1 branch of the dungeon, and saw 2 of its levels.

You collected 28 gold pieces.

Inventory:

Hand Weapons
 a - a +0 falchion (weapon)
Missiles
 j - 61 stones
Armour
 b - a +0 leather armour (worn)
Wands
 g - a wand of digging (3)
Scrolls
 c - a scroll of fog
 d - a scroll of magic mapping
 e - 2 scrolls of fear
 k - a scroll of identify {unknown}
Potions
 h - a potion of magic {unknown}
 i - a potion of lignification {unknown}


   Skills:
 - Level 3.6 Fighting
 + Level 3.9 Long Blades
 - Level 2.1 Dodging
 - Level 4.5 Stealth


You had one spell level left.
You didn't know any spells.
Your spell library was empty.

Dungeon Overview and Level Annotations

Branches:
Dungeon (5/15)
 Temple: D:4-7

Altars:
Elyvilon

Annotations:
D:4 Ijyb


Innate Abilities, Weirdness & Mutations

You are amphibious.
You cover ground slowly.
You can hop short distances.
You have an extended range of vision and can be seen from far away.


Message History

You barely miss the orc wizard.
The orc priest hits you with a +0 flail.
A dart slug comes into view.
You closely miss the orc priest.
The orc shouts!
You punch the orc priest.
The orc priest is moderately wounded.
The orc priest casts a cantrip, but nothing happens.
The orc wizard hits you with a +0 dagger.
The orc completely misses you.
The orc wizard mumbles some strange words.
The orc wizard flickers and vanishes!
Deactivating autopickup; reactivate with Ctrl-A.
The orc priest misses you. The orc hits you with a +0 short sword.
A goblin comes into view. It is wielding a +0 dagger.
It was a potion of curing.
You feel better. The orc hits you with a +0 short sword.
You barely miss the orc. The orc completely misses you.
You hit the orc but do no damage. The orc hits you with a +0 short sword.
You hit the orc but do no damage. The orc closely misses you.
You hit the orc but do no damage. The orc hits you but does no damage.
You hit the orc.
The orc is moderately wounded.
The orc misses you.
The orc priest calls down the wrath of Beogh upon you.
Beogh smites you!
Ouch! That really hurt!
* * * LOW HITPOINT WARNING * * *
You feel better. The orc hits you with a +0 short sword.
* * * LOW HITPOINT WARNING * * *
Hop to where?
Press: ? - help, Q - select action, (/) - cycle Dir - move target Boing!
You feel yourself speed up.
The orc priest calls upon Beogh to heal the orc.
The orc's wounds heal themselves!
The orc priest invokes the aid of Beogh against you.
Beogh smites you!
Ouch! That really hurt!
You die...

#.#...###...###...#
#...♣....._.....♣
#.#...###...###...# # .#.
#.##### ##.#########.# w.. #.#
#.##.###...#.. ..## #<#
#.##.##.....# ... #.#
#.#...##...# #..# #.#
##.#.♣.#...# .g.##### #.#
#..#...#..@# .<.g.... #.#
#..##.##.#o## ##g...# #.#
#..#.....##.## ##o#w#....
#.####..#.#...###.###{o........
#.............# ##oo.###.#####.
######..#.#..##..........#
#..#.......##########
#.......#### #.####.##


You could see an orc priest and an orc.

Vanquished Creatures
  2 ufetubi (D:5)
  A dart slug (D:5)
  2 ball pythons (D:4)
  An endoplasm (D:4)
  A goblin (D:4)
7 creatures vanquished.

Notes
Turn   | Place    | Note
-------+----------+-------------------------------------------
     0 | D:5      | Gabide the Barachi Delver began the quest for the Orb.
     0 | D:5      | Reached XP level 1. HP: 18/18 MP: 1/1
   234 | D:5      | Reached XP level 2. HP: 24/24 MP: 2/2
   418 | D:5      | Noticed an ice beast
   684 | D:4      | Found a white marble altar of Elyvilon.
   746 | D:4      | Noticed Ijyb
   757 | D:4      | HP: 1/24 [orc priest/divine providence (12)]
   763 | D:4      | Killed from afar by an orc priest

Illustrated notes

Levels and vault maps discovered:
D:4:      layout_loops_ring, elyvilon_altar_1, roderic_roman_lattice, uniq_ijyb
D:5:      layout_basic, nicolae_yredelemnul_corpse_copse

Skill      XL: |  1 |
---------------+----+-----
Long Blades    | 3 |  3.9
Fighting       | |  3.6
Dodging        | |  2.1
Stealth        | |  4.5

Action                   || total
-------------------------++-------
Melee: Falchion          ||    33
       Punch             ||     1
 Abil: Hop               ||     2
  Use: Potion            ||     3
 Stab: Sleeping          ||     1
Armor: Leather armour    ||    11
Dodge: Dodged            ||    32
